 Dungeon Crawl Stone Soup version 0.31-a0-426-g3a05650e59 (webtiles) character file.

Game seed: 15982020510036541180

420 CraigForest the Ruffian (level 6, -1/34 HPs)
             Began as a Gargoyle Shapeshifter on July 31, 2023.
             Slain by Duvessa
             ... wielding a +0 short sword
              (5 damage)
             ... on level 4 of the Dungeon.
             The game lasted 00:08:05 (2607 turns).

CraigForest the Ruffian (Gargoyle Shapeshifter)     Turns: 2607, Time: 00:08:05

Health: -1/34      AC:  6    Str: 20    XL:     6   Next: 94%
Magic:  0/6        EV: 12    Int:  9    God:
Gold:   121        SH:  0    Dex: 10    Spells: 5/5 levels left

rFire   . .          .
                       - Unarmed
rCold   . . .        (no shield)
rNeg    + . .        a - +0 animal skin
rPois   ∞            (helmet currently unavailable)
rElec   +            (cloak currently unavailable)
rCorr   .            (gloves currently unavailable)
SInv    .            (boots currently unavailable)
Will    .....        f - amulet of guardian spirit
Stlth   ++           q - ring of wizardry
HPRegen 0.25/turn    (no ring)
MPRegen 0.10/turn

%: guardian spirit, wizardry (x1)
@: beast-form
A: beast (slay +2), sickness immunity, AC +4, negative energy resistance 1,
electricity resistance, torment resistance 1, petrification resistance
a: Begin Untransformation


You were on level 4 of the Dungeon.
You were a hulking beast.
You visited 1 branch of the dungeon, and saw 4 of its levels.

You collected 121 gold pieces.

Inventory:

Hand Weapons
 g - a +0 quarterstaff
Armour
 a - a +0 animal skin (worn)
 l - a +0 cloak
Jewellery
 f - an amulet of guardian spirit (around neck)
 q - a ring of wizardry (left hand)
Talismans
 c - a beast talisman (active)
Scrolls
 d - 2 scrolls of brand weapon
 e - a scroll of summoning {unknown}
 h - 2 scrolls of noise {unknown}
 i - a scroll of amnesia
 m - a scroll of acquirement {unknown}
 n - a scroll of torment {unknown}
 t - a scroll of identify
 u - a scroll of poison {unknown}
Potions
 b - a potion of lignification
 j - 2 potions of attraction
 k - 2 potions of brilliance
 o - a potion of berserk rage
 p - 2 potions of curing
 r - a potion of magic
 s - a potion of invisibility


   Skills:
 + Level 1.5 Fighting
 + Level 2.4 Dodging
 + Level 2.1 Stealth
 + Level 5.3 Unarmed Combat
 + Level 3.7 Shapeshifting


You had 5 spell levels left.
You didn't know any spells.
Your spell library contained the following spells:

 Spells                   Type           Power      Damage    Failure   Level
 Apportation              Tloc           0%         N/A       16%         1
 Necrotise                Necr           0%         1d4       16%         1
 Summon Small Mammal      Summ           0%         N/A       16%         1
 Ensorcelled Hibernation  Hex/Ice        0%         N/A       24%         2
 Passwall                 Tmut/Erth      0%         N/A       24%         2
 Swiftness                Air            0%         N/A       43%         3


Dungeon Overview and Level Annotations

Branches:
Dungeon (4/15)
 Temple: D:4-7

Altars:

Shops:
D:3 :

Annotations:
D:4 Dowan, Duvessa


Innate Abilities, Weirdness & Mutations

You are a hulking beast.
Your limbs bulge with bestial killing power. (Slay +2)
You are immune to sickness and miasma.
Your stone body is resilient. (AC +4)
You are immune to poison.
You resist negative energy. (rN+)
You are resistant to electric shocks. (rElec)
You are resistant to unholy torment.
You are immune to petrification.


Message History

Duvessa is wielding a +0 short sword and wearing a +0 scale mail of cold resistance.
Dowan is wielding a +1 dagger of venom.
Dowan shouts!
Duvessa shouts!
You hit Dowan.
Dowan is moderately wounded.
You hit Dowan but do no damage.
Dowan is moderately wounded.
You completely miss Duvessa. You barely miss Duvessa.
Duvessa closely misses you.
Dowan mumbles some strange words.
Dowan blinks!
You hit Duvessa but do no damage. Duvessa hits you with a +0 short sword.
Dowan barely misses you.
You barely miss Duvessa. Duvessa hits you with a +0 short sword.
Dowan hits you with a +1 dagger of venom.
You hit Duvessa.
Duvessa is lightly wounded.
Duvessa hits you with a +0 short sword. Dowan hits you but does no damage.
You punch Duvessa!
Duvessa is moderately wounded.
Duvessa misses you.
Dowan hits you with a +1 dagger of venom.
You punch Duvessa!
Duvessa is severely wounded.
Duvessa hits you but does no damage. Dowan hits you but does no damage.
You hit Duvessa but do no damage.
Duvessa is severely wounded.
Duvessa hits you with a +0 short sword.
Dowan casts a spell at Duvessa.
Duvessa seems to speed up.
You punch Duvessa!
Duvessa is almost dead.
Duvessa hits you with a +0 short sword.
* * * LOW HITPOINT WARNING * * *
Dowan hits you with a +1 dagger of venom.
* * * LOW HITPOINT WARNING * * *
You hit Duvessa but do no damage.
Duvessa is almost dead.
Duvessa hits you with a +0 short sword.
You die...

........## #.... .......##
#.#.##### ......##
#.#.#⌠8⌠# ≈≈....#
##...#e..+ ≈≈≈≈..#
#..#.#...#
≈≈≈≈≈.#####....#...+ .
≈≈≈≈≈........#.#...# .#
≈≈≈≈≈.##.......##e#####.##
≈≈≈≈≈.......##..he........
~≈≈≈......#######.###..##
~≈........# ###.........#
..........# #......####..#
....................#
.................<..#
.#######...........#
#...####### #...


You could see Duvessa (fast) and Dowan.

Vanquished Creatures
  Grinder (D:3)
  A phantom (D:3)
  An iguana (D:3)
  3 gnolls
  4 adders
  3 worms
  A dart slug (D:1)
  4 orcs (D:3)
  6 endoplasms
  2 giant cockroaches
  2 goblins (D:3)
  3 ball pythons
  3 bats
  9 frilled lizards
  8 kobolds
  5 rats
56 creatures vanquished.

Notes
Turn   | Place    | Note
-------+----------+-------------------------------------------
     0 | D:1      | CraigForest the Gargoyle Shapeshifter began the quest for
                  | the Orb.
     0 | D:1      | Reached XP level 1. HP: 12/12 MP: 1/1
   287 | D:1      | Reached XP level 2. HP: 10/16 MP: 2/2
   757 | D:2      | Reached skill level 1 in Stealth
   757 | D:2      | Reached XP level 3. HP: 18/20 MP: 3/3
  1750 | D:3      | Reached XP level 4. HP: 15/25 MP: 2/4
  1986 | D:3      | Noticed a phantom
  1990 | D:3      | Reached skill level 4 in Unarmed Combat
  2003 | D:3      | Killed a phantom
  2004 | D:3      | Reached XP level 5. HP: 14/29 MP: 1/5
  2228 | D:3      | Noticed Grinder
  2252 | D:3      | Killed Grinder
  2253 | D:3      | Reached skill level 5 in Unarmed Combat
  2253 | D:3      | Reached XP level 6. HP: 3/34 MP: 0/6
  2424 | D:3      | Found Sumy's Book Shop.
  2587 | D:4      | Noticed Duvessa
  2587 | D:4      | Noticed Dowan
  2607 | D:4      | Slain by Duvessa

Illustrated notes

Levels and vault maps discovered:
D:1:      dpeg_arrival_more_subterranean_lakeside_camping, layout_basic,
          minmay_tetromino_o2
D:2:      layout_basic
D:3:      layout_basic, serial_shops, nicolae_book_shop_shelving, minivault_19,
          uniq_grinder
D:4:      dreamdust_elfheim, layout_rooms, temple_pool_b,
          nicolae_kite_square_tiling_tiny

Skill      XL: |  1  2  3  4  5 |
---------------+----------------+-----
Stealth        | 1 2 |  2.1
Shapeshifting  | 3 |  3.7
Unarmed Combat | 4 5 |  5.3
Dodging        | 2 |  2.4
Fighting       | |  1.5

Action                     |  1- 3 |  4- 6 || total
---------------------------+-------+-------++-------
  Melee: Unarmed           |    68 |    98 ||   166
         Punch             |       |     2 ||     2
    Use: Scroll            |     6 |     2 ||     8
   Stab: Sleeping          |     2 |     3 ||     5
 Armour: Animal skin       |    18 |    16 ||    34
  Dodge: Dodged            |    27 |    59 ||    86

Table legend: (Time is in decaauts)
 A = Elapsed time spent in this place.
 B = Non-inter-level travel time spent in this place.
 C = Inter-level travel time spent in this place.
 D = Time resting spent in this place.
 E = Time spent auto-exploring this place.
 F = Levels seen in this place.
 G = Mean time per level.
                   A        B        C        D        E       F      G
               +--------+--------+--------+--------+--------+-----+--------+
         Total |   2596 |   2564 |     32 |      0 |   2062 |   4 |  649.0 |
       Dungeon |   2596 |   2564 |     32 |      0 |   2062 |   4 |  649.0 |
               +--------+--------+--------+--------+--------+-----+--------+

Top non-repeatable levels by time:
     D:2: 1069 daAuts
     D:3: 735 daAuts
     D:1: 732 daAuts
     D:4: 58 daAuts
